 Dungeon Crawl Stone Soup version 0.31-a0-627-gd65175cf8b (webtiles) character file.

Game seed: 15876503999366372078

235 Ijustatesigmund the Magician (level 5, -2/30 HPs)
             Began as a Deep Elf Earth Elementalist on Aug 25, 2023.
             Killed from afar by an orc wizard (6 damage)
             ... with a magic dart
             ... on level 4 of the Dungeon.
             The game lasted 00:05:39 (2654 turns).

Ijustatesigmund the Magician (DEEE)                 Turns: 2654, Time: 00:05:39

Health: -2/30      AC:  2    Str: 10    XL:     5   Next: 76%
Magic:  2/14       EV: 13    Int: 22    God:
Gold:   214        SH:  0    Dex: 15    Spells: 2/13 levels left

rFire   . . .        i - staff of cold
rCold   + + .        (no shield)
rNeg    . . .        a - +0 robe
rPois   .            (no helmet)
rElec   .            (no cloak)
rCorr   .            (no gloves)
SInv    .            (no boots)
Will    .....        (no amulet)
Stlth   ++           f - ring "Bownea Ypaeq" {rC+ Str+5}
HPRegen 0.25/turn    (no ring)
MPRegen 0.14/turn

%: no passive effects
@: very slightly contaminated
A: no striking features
a: no special abilities


You were on level 4 of the Dungeon.
You visited 1 branch of the dungeon, and saw 4 of its levels.

You collected 214 gold pieces.

Inventory:

Hand Weapons
 e - a +0 vampiric dagger
Armour
 a - a +0 robe (worn)
Magical Staves
 i - a staff of cold (weapon)
Jewellery
 f - the ring "Bownea Ypaeq" (left hand) {rC+ Str+5}
   (You found it on level 2 of the Dungeon)

   [ring of protection from cold]

   Str+5:     It affects your strength (+5).
   rC+:       It protects you from cold.
Scrolls
 c - a scroll of butterflies
 d - a scroll of identify
 g - 2 scrolls of revelation
 h - a scroll of noise {unknown}
Potions
 b - 3 potions of magic
 j - a potion of invisibility {unknown}


   Skills:
 + Level 2.0 Fighting
 + Level 1.0 Staves
 - Level 2.8 Dodging
 - Level 2.4 Stealth
 + Level 4.7 Spellcasting
 + Level 2.0 Conjurations
 + Level 2.0 Transmutations
 + Level 1.0 Ice Magic
 - Level 4.0 Earth Magic


You had 2 spell levels left.
You knew the following spells:

 Your Spells              Type           Power      Damage    Failure   Level
a - Sandblast             Erth           44%        2d11      1%          1
b - Stone Arrow           Conj/Erth      36%        3d9       9%          3
c - Petrify               Tmut/Erth      18%        N/A       30%         4
d - Frozen Ramparts       Ice            28%        1d5       21%         3

Your spell library contained the following spells:

 Spells                   Type           Power      Damage    Failure   Level
 Passwall                 Tmut/Erth      15%        N/A       4%          2
 Freeze                   Ice            56%        1d7       7%          1
 Hailstorm                Conj/Ice       18%        3d6       16%         3


Dungeon Overview and Level Annotations

Branches:
Dungeon (4/15)
 Temple: D:4-7

Altars:
Hepliaklqana
Okawaru
Qazlal
Xom
Zin
The Shining One


Message History

The wall freezes the orc.
The orc closely misses you.
You hit the orc but do no damage.
The orc is moderately wounded.
The wall freezes the orc. x2; The orc closely misses you.
You hit the orc.
The orc is heavily wounded.
The wall freezes the orc.
You kill the orc!
The wall freezes the orc.
The orc hits you with a +2 flail of protection!
You hit the orc but do no damage.
The orc is severely wounded.
The frozen ramparts melt away.
The orc hits you with a +2 flail of protection!
* * * LOW HITPOINT WARNING * * *
Casting: Frozen Ramparts (quite dangerous; 21% risk of failure)
Confirm with . or Enter, or press ? or * to list all spells.
Aiming: Sandblast (safe; 1% risk of failure)
Press: ? - help, Shift-Dir - straight line, f - orc
Aim: an orc, wielding a +2 flail of protection (severely wounded, 83% to hit)
The blast of sand hits the orc.
You kill the orc!
Unknown command.
Casting: Sandblast (safe; 1% risk of failure)
Confirm with . or Enter, or press ? or * to list all spells.
Aiming: Stone Arrow (quite dangerous; 9% risk of failure)
Press: ? - help, Shift-Dir - straight line, f - orc wizard
Aim: an orc wizard, wielding a +0 dagger and wearing a +0 robe (wandering, hasn't noticed you, 60% to hit)
The stone arrow misses the orc wizard.
Casting: Stone Arrow (quite dangerous; 9% risk of failure)
Confirm with . or Enter, or press ? or * to list all spells.
Aiming: Stone Arrow (quite dangerous; 9% risk of failure)
Press: ? - help, Shift-Dir - straight line, f/p - orc wizard
Aim: an orc wizard, wielding a +0 dagger and wearing a +0 robe (60% to hit)
You miscast Stone Arrow.
You are very lightly contaminated with residual magic.
Nothing appears to happen.
The orc wizard casts a spell at you. The magic dart hits you.
You die...

............##
#...#
...........##
##.##
######.....## ###
# #......## #
#.......# #
##.......## #
#.........## # .
#..##...)...###.#
..# ##..)..o)@.#
.# ##....####.#
#...## # #.)##
#..# #...# .....#
....o# ####o.#


You could see an orc wizard.

Vanquished Creatures
  An iguana (D:3)
  Natasha (twice) (D:2)
  An orc wizard (D:4)
  A gnoll (D:3)
  4 adders
  A dart slug (D:1)
  7 orcs
  6 endoplasms
  2 giant cockroaches
  10 goblins
  4 hobgoblins
  5 jackals
  7 kobolds
  2 quokkas
  8 ball pythons
  4 bats
  5 frilled lizards
  11 rats
81 creatures vanquished.

Notes
Turn   | Place    | Note
-------+----------+-------------------------------------------
     0 | D:1      | Ijustatesigmund the Deep Elf Earth Elementalist began the
                  | quest for the Orb.
     0 | D:1      | Reached XP level 1. HP: 10/10 MP: 6/6
   245 | D:1      | Reached XP level 2. HP: 16/16 MP: 6/8
   440 | D:1      | Reached skill level 1 in Fighting
   542 | D:1      | Reached XP level 3. HP: 20/20 MP: 7/10
   546 | D:1      | Learned a level 3 spell: Stone Arrow
  1003 | D:2      | Found a faded altar of an unknown god.
  1008 | D:2      | Reached skill level 1 in Conjurations
  1026 | D:2      | Identified the ring "Bownea Ypaeq" {rC+ Str+5}
  1162 | D:2      | Reached XP level 4. HP: 25/25 MP: 12/12
  1184 | D:2      | Learned a level 4 spell: Petrify
  1184 | D:2      | Noticed Natasha
  1189 | D:2      | Killed Natasha
  1326 | D:2      | Noticed Natasha
  1331 | D:2      | Killed Natasha
  1592 | D:3      | Found a faded altar of an unknown god.
  1596 | D:3      | Found a glowing golden altar of the Shining One.
  1648 | D:3      | Found a hazy altar of Hepliaklqana.
  1650 | D:3      | Reached XP level 5. HP: 30/30 MP: 8/13
  1754 | D:3      | Learned a level 3 spell: Frozen Ramparts
  2116 | D:3      | Found a glowing silver altar of Zin.
  2117 | D:3      | Noticed an angel
  2122 | D:3      | Found a shimmering altar of Xom.
  2286 | D:3      | Found a stormy altar of Qazlal.
  2435 | D:3      | Found an iron altar of Okawaru.
  2602 | D:4      | Reached skill level 1 in Staves
  2604 | D:4      | Reached skill level 1 in Ice Magic
  2654 | D:4      | Killed from afar by an orc wizard

Illustrated notes

Levels and vault maps discovered:
D:1:      amcnicky_arrival_abandoned_market, layout_rooms, serial_corexii_hall,
          corexii_hall_statues_i, corexii_hall_statues_x
D:2:      layout_rooms, ebering_ecumenical_altar_mist, minmay_rat_gold_closets,
          uniq_natasha
D:3:      layout_basic, grunt_temple_overflow_order_and_chaos_1,
          grunt_qazlal_sundering, okawaru_altar_gauntlet_db,
          nicolae_overflow_ecumenical_swirl, nicolae_hepliaklqana_hazy_memory
D:4:      layout_layer_cave, ashenzari_conservatory_becter,
          trog_ov_bears_minmay, serial_shops, shop, minmay_bent, uniq_ijyb

Skill      XL: |  1  2  3  4  5 |
---------------+----------------+-----
Fighting       | 1 2 |  2.0
Earth Magic    | 4 |  4.0
Spellcasting   | 4 |  4.7
Conjurations   | 1 2 |  2.0
Staves         | 1 |  1.0
Transmutations | 2 |  2.0
Ice Magic      | 1 |  1.0
Dodging        | |  2.8
Stealth        | |  2.4

Action                     |  1- 3 |  4- 6 || total
---------------------------+-------+-------++-------
  Melee: Dagger            |    10 |     6 ||    16
         Staff             |       |     5 ||     5
   Cast: Sandblast         |    47 |    50 ||    97
         Stone Arrow       |       |     1 ||     1
         Frozen Ramparts   |       |     1 ||     1
    Use: Scroll            |     3 |       ||     3
   Stab: Sleeping          |     7 |     1 ||     8
 Armour: Robe              |     2 |     1 ||     3
  Dodge: Dodged            |     5 |    15 ||    20

Table legend: (Time is in decaauts)
 A = Elapsed time spent in this place.
 B = Non-inter-level travel time spent in this place.
 C = Inter-level travel time spent in this place.
 D = Time resting spent in this place.
 E = Time spent auto-exploring this place.
 F = Levels seen in this place.
 G = Mean time per level.
                   A        B        C        D        E       F      G
               +--------+--------+--------+--------+--------+-----+--------+
         Total |   2702 |   2645 |     57 |    381 |   1836 |   4 |  675.5 |
       Dungeon |   2702 |   2645 |     57 |    381 |   1836 |   4 |  675.5 |
               +--------+--------+--------+--------+--------+-----+--------+

Top non-repeatable levels by time:
     D:3: 993 daAuts
     D:1: 882 daAuts
     D:2: 637 daAuts
     D:4: 189 daAuts
